 Dungeon Crawl Stone Soup version 0.29.0-4-gdea44cf6ec (webtiles) character file.

Game seed: 10278008776364779547

1132 SigmundSlayer the Reanimator (level 8, -3/43 HPs)
             Began as a Deep Elf Necromancer on Aug 27, 2022.
             Was an Elder of Jiyva.
             Succumbed to an orc wizard's poison
             ... on level 7 of the Dungeon.
             The game lasted 00:12:23 (3595 turns).

SigmundSlayer the Reanimator (Deep Elf Necromancer) Turns: 3595, Time: 00:12:23

Health: -3/43      AC:  3    Str:  5    XL:     8   Next: 13%
Magic:  3/23       EV: 12    Int: 23    God:    Jiyva [****..]
Gold:   62         SH:  0    Dex: 15    Spells: 18/26 levels left

rFire   . . .      SeeInvis .   d - +4 dagger (drain)
rCold   + . .      Faith    .   (no shield)
rNeg    . . .      Spirit   .   a - +0 ring mail {rC+}
rPois   .          Reflect  .   (no helmet)
rElec   .          Harm     .   (no cloak)
rCorr   +          Rampage  .   (no gloves)
Will    .....                   (no boots)
Stlth   ++........              (no amulet)
HPRegen 1.42/turn               (no ring)
MPRegen 0.58/turn               (no ring)

@: mighty, lethally poisoned (-3 -> -18), animating dead
A: pseudopods 2, tendrils, jelly sensing items
a: Renounce Religion, Oozemancy, Slimify


You were on level 7 of the Dungeon.
You worshipped Jiyva.
Jiyva was greatly pleased with you.
You visited 1 branch of the dungeon, and saw 6 of its levels.

You collected 62 gold pieces.

Inventory:

Hand Weapons
 d - a +4 dagger of draining (weapon)
Missiles
 e - 30 stones
Armour
 a - a +0 ring mail of cold resistance (worn)
Wands
 f - a wand of digging (6)
Potions
 b - a potion of magic


   Skills:
 - Level 1.3 Fighting
 - Level 0.2 Short Blades
 + Level 2.3 Armour
 + Level 8.6 Dodging
 - Level 2.6 Stealth
 + Level 9.7 Spellcasting
 + Level 9.8 Necromancy


You had 18 spell levels left.
You knew the following spells:

 Your Spells              Type           Power      Damage    Failure   Level
a - Necrotise             Necr           100%       1d9       1%          1
b - Vampiric Draining     Necr           54%        2d9       1%          3
c - Animate Dead          Necr           54%        N/A       4%          4

Your spell library contained the following spells:

 Spells                   Type           Power      Damage    Failure   Level
 Agony                    Necr           54%        N/A       13%         5
 Sting                    Tmut/Pois      44%        1d5       26%         1
 Poisonous Vapours        Pois/Air       22%        N/A       36%         2
 Inner Flame              Hex/Fire       11%        N/A       61%         3
 Ozocubu's Armour         Ice            11%        N/A       61%         3
 Cause Fear               Hex            5%         N/A       95%         4
 Leda's Liquefaction      Hex/Erth       5%         N/A       95%         4
 Olgreb's Toxic Radiance  Pois           11%        N/A       95%         4
 Lee's Rapid Deconstruct  Erth           5%         3d7*      100%        5
 Statue Form              Tmut/Erth      7%         N/A       100%        6
 Ozocubu's Refrigeration  Ice            5%         4d8       100%        7
 Discord                  Hex            5%         N/A       100%        8


Dungeon Overview and Level Annotations

Branches:
Dungeon (7/15)             Temple (0/1) D:6

Altars:
Kikubaaqudgha
Jiyva

Shops:
D:3 !


Innate Abilities, Weirdness & Mutations

Armour fits poorly on your large pseudopods.
You are covered in slimy tendrils that may disarm your opponents.
You have a small jelly attached to you that senses nearby items.


Message History

The bullfrog barely misses your orc wizard zombie.
Casting: Vampiric Draining (safe; 1% risk of failure)
Confirm with . or Enter, or press ? or * to list all spells.
You don't have enough magic to cast this spell.
Unknown command.
You hit the orc wizard but do no damage.
You drain the orc wizard.
The orc wizard is lightly wounded.
You feel sick.
The bullfrog completely misses your orc wizard zombie.
Something hits you.
The orc wizard hits you with a +2 dagger of venom.
You are more poisoned.
Your orc wizard zombie hits the orc wizard.
The bullfrog hits your orc wizard zombie.
It was a potion of might.
You feel very mighty all of a sudden.
You feel very sick.
The bullfrog hits your orc wizard zombie.
Something hits you but does no damage.
The orc wizard hits you with a +2 dagger of venom.
* * * LOW HITPOINT WARNING * * *
You are lethally poisoned!
Your orc wizard zombie hits the orc wizard but does no damage.
You barely miss something. Your bludgeon misses something.
* * * LOW HITPOINT WARNING * * *
You feel very sick.
The bullfrog barely misses your orc wizard zombie.
Something hits you but does no damage.
The orc wizard hits you with a +2 dagger of venom.
* * * LOW HITPOINT WARNING * * *
You are more poisoned.
Your orc zombie hits the orc wizard but does no damage.
The bullfrog hits your orc wizard zombie.
Your orc wizard zombie barely misses the bullfrog.
You aren't carrying any scrolls.
You barely miss the orc wizard. You bludgeon the orc wizard!
You kill the orc wizard!
The dead are walking!
You die...

#. ####...##......
###.# #...########
#...######...#
#...$...?#...#####
#........+<......#
#.......#...###.#
#.Z<....#...#
#.[)ZZ.......o
#<{@)F.........
#######.........#
#.........#
#[........# .....
...[ ....


You could see a bullfrog (ally target), a friendly orc zombie and 2 friendly orc
wizard zombies.

Vanquished Creatures
  A water moccasin (D:4)
  A black bear (D:6)
  2 ogres (D:6)
  An orc warrior (D:7)
  A phantom (D:4)
  A bullfrog (D:7)
  A necrophage (D:4)
  A scorpion (D:4)
  A hound (D:4)
  An orc priest (D:4)
  5 orc wizards
  Natasha (twice) (D:3)
  An iguana (D:6)
  3 gnolls (D:6)
  4 adders
  A worm (D:2)
  4 dart slugs
  15 orcs
  A bat (D:2)
  2 endoplasms (D:1)
  A giant cockroach (D:1)
  5 goblins
  4 hobgoblins
  3 jackals (D:2)
  6 kobolds (D:1)
  2 quokkas (D:1)
  5 ball pythons
  4 frilled lizards
  A rat (D:1)
  A spectral hobgoblin (D:1)
81 creatures vanquished.

Vanquished Creatures (collateral kills)
  A bat (D:1)
1 creature vanquished.

Vanquished Creatures (others)
  A howler monkey (D:6)
  2 jellies
  Natasha (D:3)
  An adder (D:2)
  An orc zombie (D:3)
  A dart slug (D:3)
  9 orcs
  2 ball pythons
  4 endoplasms
  2 giant cockroaches
  A hobgoblin (D:3)
  3 kobolds
  A frilled lizard (D:2)
  2 goblins (D:4)
  A rat (D:3)
  93 plants (D:3)
125 creatures vanquished.

Grand Total: 207 creatures vanquished

Notes
Turn   | Place    | Note
-------+----------+-------------------------------------------
     0 | D:1      | SigmundSlayer the Deep Elf Necromancer began the quest for
                  | the Orb.
     0 | D:1      | Reached XP level 1. HP: 10/10 MP: 6/6
   229 | D:1      | Reached skill level 5 in Necromancy
   229 | D:1      | Reached XP level 2. HP: 15/15 MP: 4/8
   422 | D:1      | Found a faded altar of an unknown god.
   528 | D:1      | Prayed at the altar of an unknown god.
   528 | D:1      | Became a worshipper of Jiyva Jeuvoc the Shapeless
   528 | D:1      | Reached * piety under Jiyva
   766 | D:1      | Reached XP level 3. HP: 20/20 MP: 7/10
  1034 | D:2      | Reached ** piety under Jiyva
  1089 | D:2      | Reached skill level 1 in Fighting
  1122 | D:2      | Reached XP level 4. HP: 25/25 MP: 10/16
  1149 | D:2      | Learned a level 3 spell: Vampiric Draining
  1159 | D:2      | Learned a level 4 spell: Animate Dead
  1768 | D:3      | Reached XP level 5. HP: 17/29 MP: 18/18
  1866 | D:3      | Reached *** piety under Jiyva
  1880 | D:3      | Gained mutation: You have a small jelly attached to you
                  | that senses nearby items. [Jiyva's grace]
  1880 | D:3      | Gained mutation: You are covered in slimy tendrils that may
                  | disarm your opponents. [Jiyva's grace]
  1880 | D:3      | Gained mutation: Armour fits poorly on your pseudopods.
                  | [Jiyva's grace]
  1880 | D:3      | Gained mutation: Armour fits poorly on your large
                  | pseudopods. [Jiyva's grace]
  1952 | D:3      | Noticed Natasha
  1957 | D:3      | Killed Natasha
  2000 | D:3      | Noticed Natasha
  2007 | D:3      | Killed Natasha
  2012 | D:3      | Killed Natasha
  2370 | D:3      | Found Loda's Distillery.
  2524 | D:4      | Reached XP level 6. HP: 20/34 MP: 16/20
  2640 | D:4      | Noticed a water moccasin
  2647 | D:4      | Killed a water moccasin
  2648 | D:4      | Reached skill level 1 in Armour
  2776 | D:4      | Reached XP level 7. HP: 31/35 MP: 19/21
  2967 | D:4      | You fall into a shaft and drop 3 floors!
  3075 | D:6      | Found an ancient bone altar of Kikubaaqudgha.
  3077 | D:6      | Reached **** piety under Jiyva
  3529 | D:6      | Found a staircase to the Ecumenical Temple.
  3574 | D:7      | Reached XP level 8. HP: 37/43 MP: 13/23
  3595 | D:7      | Succumbed to an orc wizard's poison

Illustrated notes

Levels and vault maps discovered:
D:1:      lordsloth_arrival_two_stooges, layout_basic,
          dreamdust_ecumenical_altar_drowned_temple
D:2:      layout_basic, minmay_misc_feat_roman
D:3:      layout_loops_ring, serial_shops, shop, serial_bayou,
          serial_bayou_pond_c, serial_bayou_shore_a, serial_bayou_pond_b,
          serial_bayou_lagoon_b, nrook_mini_backslash, uniq_natasha
D:4:      minmay_chambers_of_fours, layout_cave_pods
D:6:      layout_basic, kiku_gazebo_pond_becter,
          minmay_temple_entry_statues_pillars
D:7:      layout_basic, serial_shops, shop, enter_bailey_5

Skill      XL: |  1  2  3  4  5  6  7 |
---------------+----------------------+-----
Necromancy     | 5 9 |  9.8
Fighting       | 1 |  1.3
Dodging        | 7 8 |  8.6
Spellcasting   | 8 9 |  9.7
Armour         | 1 2 |  2.3
Short Blades   | |  0.2
Stealth        | |  2.6

Action                   |  1- 3 |  4- 6 |  7- 9 || total
-------------------------+-------+-------+-------++-------
Melee: Unarmed           |     2 |       |       ||     2
       Dagger            |    22 |    84 |    41 ||   147
       Pseudopods        |       |     3 |     6 ||     9
       Punch             |       |     1 |     2 ||     3
 Cast: Necrotise         |    47 |    19 |    14 ||    80
       Vampiric Draining |       |     5 |    20 ||    25
       Animate Dead      |       |     1 |     1 ||     2
Invok: Oozemancy         |       |     1 |       ||     1
  Use: Scroll            |     2 |     2 |       ||     4
       Potion            |     1 |     2 |     1 ||     4
 Stab: Sleeping          |       |     1 |       ||     1
Armor: Robe              |     6 |     4 |       ||    10
       Ring mail         |       |    11 |    18 ||    29
Dodge: Dodged            |    25 |    54 |    38 ||   117
